 Dungeon Crawl Stone Soup version 0.30-a0-341-g682706514a (webtiles) character file.

Game seed: 16707204701522010272

103 Faman the Firebug (level 4, -3/33 HPs)
             Began as a Draconian Fire Elementalist on Nov 2, 2022.
             Slain by a gnoll
             ... wielding a +0 halberd
              (12 damage)
             ... on level 2 of the Dungeon.
             The game lasted 00:11:47 (1756 turns).

Faman the Firebug (Draconian Fire Elementalist)     Turns: 1756, Time: 00:11:49

Health: -3/33      AC:  5    Str: 10    XL:     4   Next: 51%
Magic:  1/7        EV: 12    Int: 23    God:
Gold:   72         SH:  0    Dex: 11    Spells: 1/7 levels left

rFire   . . .      SeeInvis .    f - +2 dagger (venom)
rCold   . . .      Faith    .    (no shield)
rNeg    . . .      Spirit   .    (body armour unavailable)
rPois   .          Reflect  .    (helmet restricted)
rElec   .          Harm     .    (no cloak)
rCorr   .          Rampage  .    (no gloves)
Will    .....                    (no boots)
Stlth   ++........               j - amulet of Dawn {RegenMP Int+5}
HPRegen 0.25/turn                (no ring)
MPRegen 0.50/turn                (no ring)

@: no status effects
A: AC +5, unfitting armour, cold-blooded
a: no special abilities


You were on level 2 of the Dungeon.
You visited 1 branch of the dungeon, and saw 2 of its levels.

You collected 72 gold pieces.

Inventory:

Hand Weapons
 d - a +0 dagger
 f - a +2 dagger of venom (weapon)
 h - a +0 hand axe
 k - a +0 long sword
Missiles
 b - 8 stones
Jewellery
 j - the amulet of Dawn (around neck) {RegenMP Int+5}
   (You found it on level 2 of the Dungeon)

   [amulet of magic regeneration]

   It increases your rate of magic regeneration.
   Int:       It affects your intelligence (+5).
Scrolls
 e - 3 scrolls of identify
 l - a scroll of butterflies {unknown}
Potions
 a - a potion of magic
 c - 2 potions of degeneration
 g - a potion of lignification
 i - 2 potions of resistance {unknown}


   Skills:
 + Level 2.0 Dodging
 + Level 1.8 Stealth
 + Level 1.1 Unarmed Combat
 + Level 2.2 Spellcasting
 + Level 1.8 Conjurations
 + Level 4.5 Fire Magic


You had one spell level left.
You knew the following spells:

 Your Spells              Type           Power      Damage    Failure   Level
a - Foxfire               Conj/Fire      68%        2x1d7     3%          1
b - Scorch                Fire           46%        2d7       3%          2
c - Inner Flame           Hex/Fire       13%        N/A       14%         3

Your spell library contained the following spells:

 Spells                   Type           Power      Damage    Failure   Level
 Kindle Blastsparks       Fire/Tloc/Air  18%        2d11      21%         3
 Flame Wave               Conj/Fire      17%        2d7       32%         4


Dungeon Overview and Level Annotations

Branches:
Dungeon (2/15)

Altars:


Innate Abilities, Weirdness & Mutations

Your plain brown scales are hard. (AC +5)
You cannot fit into any form of body armour.
You are cold-blooded and may be slowed by cold attacks.


Message History

The gnoll barely misses you.
The gnoll hits you from afar with a +0 halberd.
Flames lash the gnoll.
You kill the gnoll!
The gnoll is no longer more vulnerable to fire.
The gnoll hits you from afar with a +0 halberd.
Flames lash the gnoll.
The gnoll is severely wounded.
The gnoll's fire resistance burns away.
The gnoll hits you from afar with a +0 halberd.
The gnoll throws a throwing net.
The throwing net closely misses you.
The gnoll is no longer more vulnerable to fire.
The gnoll drinks a potion.
The gnoll is healed!
Flames lash the gnoll.
The gnoll is moderately wounded.
The gnoll's fire resistance burns away.
Flames lash the gnoll.
The gnoll is burned terribly!
The gnoll is almost dead.
The gnoll drinks a potion.
The gnoll is healed!
The gnoll throws a throwing net.
The throwing net barely misses you.
Flames lash the gnoll.
The gnoll is burned terribly!
The gnoll is moderately wounded.
The gnoll hits you from afar with a +0 halberd!
You are too injured to fight recklessly!
You are too injured to fight recklessly!
Casting: Scorch (safe; 3% risk of failure)
Confirm with . or Enter, or press ? or * to list all spells.
Flames lash the gnoll.
The gnoll is severely wounded.
The gnoll's fire resistance burns away.
The gnoll hits you from afar with a +0 halberd!
* * * LOW HITPOINT WARNING * * *
The gnoll is no longer more vulnerable to fire.
Casting: Scorch (safe; 3% risk of failure)
Confirm with . or Enter, or press ? or * to list all spells.
Flames lash the gnoll.
The gnoll is almost dead.
The gnoll's fire resistance burns away.
The gnoll hits you from afar with a +0 halberd!
You die...

#.....# ####
#...###(..♣♣P. ####..#
#..# ###.g...........
#.÷# #.##
#(....##....♣... #..###.#
#.#...###.P♣.P.. #......#
#.###.##..♣♣♣♣.. ##.....#
#g# #....P. ♣... #.)##.#
#.# #..##.PP...#
#..##.#####g###..###...P#
#.))#....@.......# #####
###.#.#####..###...#
##......# #.## ##..#
#....♣.P## #.# #..## ####
#.#..♣♣.P# #.# #...##
##... ###.#.♣♣♣P.# #.#
##...###.... #...#.P♣PP.#
#.# ##...#.....
#.####.....# #.#
#.#....... #.#
##.##.###.# #..#......


You could see a gnoll (combustible).

Vanquished Creatures
  5 gnolls (D:2)
  An adder (D:2)
  4 dart slugs (D:1)
  3 ball pythons (D:1)
  3 endoplasms
  5 giant cockroaches (D:1)
  3 goblins (D:1)
  3 hobgoblins
  2 kobolds (D:1)
  2 quokkas (D:1)
  A bat (D:1)
  6 rats
  2 bushes (D:2)
40 creatures vanquished.

Vanquished Creatures (others)
  62 foxfires
  6 plants (D:2)
68 creatures vanquished.

Grand Total: 108 creatures vanquished

Notes
Turn   | Place    | Note
-------+----------+-------------------------------------------
     0 | D:1      | Faman the Draconian Fire Elementalist began the quest for
                  | the Orb.
     0 | D:1      | Reached XP level 1. HP: 14/14 MP: 3/3
    20 | D:1      | Reached skill level 1 in Unarmed Combat
    34 | D:1      | Reached XP level 2. HP: 7/20 MP: 1/5
   534 | D:1      | Reached XP level 3. HP: 26/26 MP: 1/6
  1141 | D:2      | Reached skill level 4 in Fire Magic
  1272 | D:2      | Learned a level 2 spell: Scorch
  1276 | D:2      | Learned a level 3 spell: Inner Flame
  1376 | D:2      | Reached XP level 4. HP: 33/33 MP: 0/7
  1441 | D:2      | Identified the amulet of Dawn {RegenMP Int+5}
  1756 | D:2      | Slain by a gnoll

Illustrated notes

Levels and vault maps discovered:
D:1:      eino_arrival_druids_welcome, layout_basic, palyth_stone_intersect
D:2:      layout_rooms, serial_forest, infiniplex_forest_lined_room_3,
          infiniplex_forest_lined_1, infiniplex_forest_clump_double,
          infiniplex_forest_pool, infiniplex_forest_corner_1,
          infiniplex_forest_clump_small, infiniplex_forest_lined_corner

Skill      XL: |  1  2  3 |
---------------+----------+-----
Unarmed Combat | 1 |  1.1
Dodging        | 2 |  2.0
Fire Magic     | 4 |  4.5
Stealth        | |  1.8
Spellcasting   | |  2.2
Conjurations   | |  1.8

Action                   |  1- 3 |  4- 6 || total
-------------------------+-------+-------++-------
Melee: Unarmed           |     8 |       ||     8
       Tailslap          |     6 |    33 ||    39
       Punch             |     1 |     4 ||     5
       Dagger            |    22 |    88 ||   110
 Cast: Foxfire           |    37 |       ||    37
       Scorch            |     4 |    19 ||    23
  Use: Potion            |     3 |     1 ||     4
       Scroll            |     1 |       ||     1
Armor: Skin              |    11 |     2 ||    13
Dodge: Dodged            |    23 |    10 ||    33

Table legend: (Time is in decaauts)
 A = Elapsed time spent in this place.
 B = Non-inter-level travel time spent in this place.
 C = Inter-level travel time spent in this place.
 D = Time resting spent in this place.
 E = Time spent auto-exploring this place.
 F = Levels seen in this place.
 G = Mean time per level.
                   A        B        C        D        E       F      G
               +--------+--------+--------+--------+--------+-----+--------+
         Total |   1740 |   1740 |      0 |    475 |    345 |   2 |  870.0 |
       Dungeon |   1740 |   1740 |      0 |    475 |    345 |   2 |  870.0 |
               +--------+--------+--------+--------+--------+-----+--------+

Top non-repeatable levels by time:
     D:1: 1078 daAuts
     D:2: 662 daAuts
